 Dungeon Crawl Stone Soup version 0.21-a0-480-g5da0f0d (webtiles) character file.

2075 slep the Carver (level 9, -1/74 HPs)
             Began as a Minotaur Gladiator on Nov 23, 2017.
             Was an Elder of Okawaru.
             Killed from afar by an electric eel (3 damage)
             ... with a bolt of electricity
             ... on level 6 of the Dungeon.
             The game lasted 00:23:04 (4255 turns).

slep the Carver (Minotaur Gladiator)                Turns: 4255, Time: 00:23:05

Health: -1/74      AC:  9    Str: 19    XL:     9   Next: 6%
Magic:  8/8        EV: 13    Int:  5    God:    Okawaru [****..]
Gold:   227        SH:  9    Dex: 15    Spells: 8/8 levels left

rFire    . . .     SeeInvis .   a - +2 falchion (slice)
rCold    + . .     Gourm    .   D - +0 shield
rNeg     . . .     Faith    .   g - +2 ring mail {rC+}
rPois    .         Spirit   .   c - +1 hat
rElec    .         Reflect  .   (no cloak)
rCorr    .         Harm     .   (no gloves)
MR       .....                  (no boots)
Stlth    +.........             q - amulet of regeneration
HPRegen  0.62/turn              C - +1 ring of evasion
MPRegen  0.11/turn              (no ring)

@: no status effects
A: retaliatory headbutt, horns 2
a: Heroism, Renounce Religion


You were on level 6 of the Dungeon.
You worshipped Okawaru.
Okawaru was greatly pleased with you.
You were not hungry.

You visited 1 branch of the dungeon, and saw 6 of its levels.
You also visited: Ossuary.

You collected 227 gold pieces.

Inventory:

Hand Weapons
 a - a +2 falchion of slicing (weapon)
 b - a +0 blowgun
 u - a +0 long sword
 B - the +10 rapier "Widowermaker" {vamp, rPois rC+ Int+3 Dex-5, unknown}
   (You found it on level 4 of the Dungeon)

   It inflicts no extra harm, but heals its wielder when it wounds a living foe.
   It affects your intelligence (+3).
   It affects your dexterity (-5).
   It protects you from cold.
   It protects you from poison.
Missiles
 d - 2 throwing nets (quivered)
 t - 8 javelins
 v - 7 tomahawks
 x - 25 poisoned needles
Armour
 c - a +1 hat (worn)
 g - a +2 ring mail of cold resistance (worn)
 y - a +0 leather armour
 D - a +0 shield (worn)
Jewellery
 q - an amulet of regeneration (around neck)
 C - a +1 ring of evasion (left hand)
 G - an uncursed amulet of harm {unknown}
Wands
 K - a wand of paralysis (14)
Scrolls
 e - 9 scrolls of identify
 h - 2 scrolls of enchant armour
 j - 3 scrolls of remove curse
 l - 6 scrolls of teleportation
 m - 3 scrolls of magic mapping {unknown}
 r - a scroll of blinking {unknown}
 s - a scroll of amnesia {unknown}
 w - a scroll of immolation {unknown}
 F - a scroll of enchant weapon {unknown}
 H - a scroll of holy word {unknown}
Potions
 i - 2 potions of curing
 k - a potion of heal wounds
 z - a potion of lignification {unknown}
 A - 2 potions of brilliance {unknown}
 E - a potion of magic {unknown}
Books
 I - a book of Callings

   Spells                             Type                      Level
   a - Summon Small Mammal            Summoning                    1
   b - Call Imp                       Summoning                    2
   c - Call Canine Familiar           Summoning                    3
   d - Summon Guardian Golem          Hexes/Summoning              3
   e - Summon Lightning Spire         Summoning/Air                4
   f - Summon Ice Beast               Ice/Summoning                4
Comestibles
 f - 6 bread rations
 n - 2 royal jellies
 o - 3 meat rations
 p - 8 fruits
 J - 2 chunks of flesh


   Skills:
 + Level 5.5 Fighting
 + Level 9.7 Long Blades
 + Level 3.4 Throwing
 + Level 6.2 Armour
 + Level 6.1 Dodging
 + Level 1.1 Stealth
 + Level 2.1 Shields


You had 8 spell levels left.
You didn't know any spells.

Dungeon Overview and Level Annotations

Branches:
Dungeon (6/15)             Temple (0/1) D:5

Altars:
Dithmenos
Kikubaaqudgha
Okawaru
Qazlal
Uskayaw
Wu Jian
Xom
Zin
The Shining One


Innate Abilities, Weirdness & Mutations

You reflexively headbutt those who attack you in melee.
You have a pair of horns on your head.


Message History

The electric eel shoots out a bolt of lightning at you!
The bolt of electricity hits the electric eel.
The electric eel completely resists.
The bolt of electricity hits you! x2
You hit the electric eel.
The electric eel is moderately wounded.
The electric eel shoots out a bolt of lightning at you!
The bolt of electricity hits you!
* * * LOW HITPOINT WARNING * * *
The electric eel shoots out a bolt of lightning at you!
The bolt of electricity hits the electric eel.
The electric eel completely resists.
The bolt of electricity hits you!
* * * LOW HITPOINT WARNING * * *
The bolt of electricity hits you!
* * * LOW HITPOINT WARNING * * *
The electric eel shoots out a bolt of lightning at you!
The bolt of electricity hits you!
* * * LOW HITPOINT WARNING * * *
The electric eel shoots out a bolt of lightning at you!
The bolt of electricity hits you!
You die...

###.P≈♣≈#.#####...P....#
.....≈≈P...............'
##..P..#.#####.#...##.#
#..##.#.# #.##.###.#
#.###.#.# #....# #.#
#.......# #.##.###.#
#####.### #........# #.#
####.##### #@# #.# ###.#
#.# # ♣...# #####.## #
#♣≈≈♣≈P≈;### #......# #
♣≈≈≈≈≈≈≈≈;# #.###..# #
≈≈≈≈≈≈≈≈≈≈≈≈## #.#
#..#### P≈≈≈≈≈≈≈≈≈≈≈≈≈#
#.# #..))..
≈≈≈P≈P≈≈≈≈≈P≈≈♣#### #.#
##.####
≈≈≈≈≈≈≈≈♣≈..≈.♣...###.#
#)#


You could see 2 electric eels.

Vanquished Creatures
  The ghost of triglyceri the Carver, a novice BaFi (D:4)
  An ice beast (D:6)
  A black bear (D:4)
  A phantom (D:4)
  3 ogres
  2 centaurs
  A bullfrog (D:6)
  A gnoll sergeant (D:4)
  A crimson imp (D:5)
  A bullfrog zombie (D:5)
  A jelly (D:6)
  A bullfrog skeleton (D:5)
  4 hounds
  An iguana (D:4)
  An orc priest (D:3)
  Jessica (D:2)
  2 orc wizards
  Natasha (thrice) (D:4)
  2 worker ants (D:6)
  7 big kobold zombies (Ossuary)
  A hound skeleton (D:5)
  A mummy (Ossuary)
  11 gnolls
  9 adders
  2 shadow imps (D:5)
  3 oozes
  An adder skeleton (D:4)
  2 worms
  2 dart slugs (D:1)
  10 orcs
  A spectral bat (Ossuary)
  A giant cockroach (D:3)
  5 gnoll zombies (Ossuary)
  5 goblins
  3 hobgoblins
  6 kobolds
  2 quokkas
  2 ball pythons
  9 bats
  2 bat simulacra (Ossuary)
  3 frilled lizards
  3 goblin simulacra (Ossuary)
  5 goblin zombies (Ossuary)
  9 hobgoblin zombies (Ossuary)
  A jackal skeleton (D:6)
  3 kobold simulacra (Ossuary)
  2 kobold zombies (Ossuary)
  2 orc zombies (Ossuary)
  3 rats
  4 rat simulacra (Ossuary)
  4 spectral goblins (Ossuary)
  2 spectral kobolds (Ossuary)
  3 spectral rats (Ossuary)
158 creatures vanquished.

Notes
Turn   | Place    | Note
-------+----------+-------------------------------------------
     0 | D:1      | slep the Minotaur Gladiator began the quest for the Orb.
     0 | D:1      | Reached XP level 1. HP: 18/18 MP: 0/0
    84 | D:1      | Reached skill level 4 in Long Blades
    84 | D:1      | Reached XP level 2. HP: 25/25 MP: 1/1
   299 | D:1      | Found an iron altar of Okawaru.
   299 | D:1      | Found a glowing silver altar of Zin.
   299 | D:1      | Found a blossoming altar of Fedhas.
   300 | D:1      | Found a bloodstained altar of Trog.
   300 | D:1      | Found a sparkling altar of Nemelex Xobeh.
   300 | D:1      | Found a shimmering altar of Xom.
   468 | D:1      | You fall through a shaft!
   488 | D:2      | Noticed Jessica
   494 | D:2      | Killed Jessica
   494 | D:2      | Reached XP level 3. HP: 26/30 MP: 2/2
   659 | D:2      | Reached XP level 4. HP: 35/37 MP: 3/3
   760 | D:2      | Reached skill level 5 in Long Blades
  1464 | D:3      | Found a shadowy altar of Dithmenos.
  1465 | D:3      | Found a glowing silver altar of Zin.
  1467 | D:3      | Found an ancient bone altar of Kikubaaqudgha.
  1468 | D:3      | Found an iron altar of Okawaru.
  1472 | D:3      | Became a worshipper of Warmaster Okawaru
  1474 | D:3      | Found an ornate altar of the Wu Jian Council.
  1857 | D:3      | Reached skill level 1 in Armour
  1974 | D:3      | Reached XP level 5. HP: 30/44 MP: 4/4
  1981 | D:3      | Reached skill level 6 in Long Blades
  2141 | D:4      | Noticed a phantom
  2150 | D:4      | Noticed an ogre
  2174 | D:4      | Killed an ogre
  2174 | D:4      | Reached XP level 6. HP: 10/51 MP: 5/5
  2213 | D:4      | Reached * piety under Okawaru
  2213 | D:4      | Reached skill level 7 in Long Blades
  2271 | D:4      | Found an iron altar of Okawaru.
  2317 | D:4      | Got an iridescent rapier
  2321 | D:4      | Noticed Natasha
  2321 | D:4      | Noticed triglyceri's ghost (novice BaFi)
  2332 | D:4      | Killed Natasha
  2346 | D:4      | HP: 1/51 [triglyceri's ghost (10)]
  2349 | D:4      | Found a glowing golden altar of the Shining One.
  2367 | D:4      | Killed triglyceri's ghost
  2367 | D:4      | Reached ** piety under Okawaru
  2367 | D:4      | Reached skill level 8 in Long Blades
  2367 | D:4      | Reached XP level 7. HP: 10/58 MP: 6/6
  2431 | D:4      | Noticed Natasha
  2436 | D:4      | Killed Natasha
  2500 | D:4      | Noticed Natasha
  2503 | D:4      | Killed Natasha
  2701 | D:4      | Reached XP level 8. HP: 51/66 MP: 7/7
  2811 | D:4      | Reached skill level 5 in Dodging
  2890 | D:5      | Entered Level 5 of the Dungeon
  2898 | D:5      | Reached *** piety under Okawaru
  2898 | D:5      | Reached skill level 5 in Armour
  2904 | D:5      | Found a stormy altar of Qazlal.
  2913 | D:5      | Found a hide-covered altar of Uskayaw.
  3052 | D:5      | Found a staircase to the Ecumenical Temple.
  3242 | D:5      | Reached skill level 9 in Long Blades
  3295 | D:5      | Found a sand-covered staircase.
  3304 | Ossuary  | Entered an ossuary
  3627 | Ossuary  | Reached skill level 1 in Shields
  3999 | D:6      | Reached skill level 5 in Fighting
  4050 | D:6      | Reached skill level 1 in Stealth
  4051 | D:6      | Reached XP level 9. HP: 40/74 MP: 8/8
  4109 | D:6      | Reached **** piety under Okawaru
  4254 | D:6      | HP: 1/74 [electric eel/bolt of electricity (5)]
  4255 | D:6      | Killed from afar by an electric eel

Vault maps used:
D:1:      lemuel_arrival_behind_the_door_small, doesnt_xom_only_xom
D:2:      first_bread, st_stairs_7, uniq_jessica
D:3:      minitemple, hex_medium
D:4:      overflow_temple_1_default, hangedman_decor_opposing,
          kennysheep_okawaru_gauntlet, uniq_natasha
D:5:      kennysheep_mini, minmay_temple_entry_junction, enter_ossuary_3,
          grunt_qazlal_sundering
D:6:      vehumet_statue, serial_bayou, serial_bayou_pond_d,
          serial_bayou_pond_d, serial_bayou_ford_a, serial_bayou_pond_e,
          serial_bayou_shore_b, serial_bayou_pond_e, serial_shops,
          nicolae_shop_overgrown_old_shop, fountainhead
Ossuary:  ossuary_zaba_two_paths

Skill      XL: |  1  2  3  4  5  6  7  8 |
---------------+-------------------------+-----
Long Blades    | 4 5 6 8 9 |  9.7
Dodging        | 4 6 |  6.1
Armour         | 1 2 4 6 |  6.2
Fighting       | 3 4 5 |  5.5
Throwing       | 3 |  3.4
Shields        | 2 |  2.1
Stealth        | 1 |  1.1

Action                   |  1- 3 |  4- 6 |  7- 9 || total
-------------------------+-------+-------+-------++-------
Melee: Long sword        |    38 |    81 |       ||   119
       Headbutt          |     6 |    28 |    65 ||    99
       Falchion          |       |    42 |   233 ||   275
 Fire: Blowgun           |       |     8 |       ||     8
Throw: Throwing net      |       |     4 |       ||     4
       Javelin           |       |     1 |       ||     1
  Use: Scroll            |       |     4 |       ||     4
       Potion            |       |     3 |       ||     3
  Eat: Chunk             |       |     5 |     6 ||    11
Armor: Ring mail         |    15 |    33 |    47 ||    95
       Leather armour    |     1 |       |       ||     1
Dodge: Dodged            |    30 |    81 |    82 ||   193
Block: Shield            |       |       |    59 ||    59
       Rpst.: Long sword |     8 |    13 |       ||    21
       Falchion          |       |     8 |    20 ||    28

Table legend:
 A = Spawn XP
 B = Non-spawn XP
 C = Spawn XP percentage of total XP
 D = Spawn monster count
 E = Non-spawn monster count
 F = Spawn count percentage of total count
 G = Total turns spent on level
                    A         B        C        D         E        F      G
               +---------+---------+-------+---------+---------+-------+---------
         Total |       0 |    2965 |   0.0 |       0 |     158 |   0.0 |  4255
               +---------+---------+-------+---------+---------+-------+---------
           D:1 |       0 |      32 |   0.0 |       0 |      14 |   0.0 |   468
           D:2 |       0 |      95 |   0.0 |       0 |      14 |   0.0 |   765
           D:3 |       0 |     126 |   0.0 |       0 |      16 |   0.0 |   868
           D:4 |       0 |    1310 |   0.0 |       0 |      35 |   0.0 |   789
           D:5 |       0 |     464 |   0.0 |       0 |      11 |   0.0 |   641
           D:6 |       0 |     687 |   0.0 |       0 |      15 |   0.0 |   342
       Ossuary |       0 |     251 |   0.0 |       0 |      53 |   0.0 |   382
               +---------+---------+-------+---------+---------+-------+---------
